Map: Ephemeron LE

Players

Ratl - Winner!

  • Race: Protoss Protoss
  • League: Silver
  • Spawn Location: 5:00

VOD

Have the link to the VOD?

Description

Time

  • Played on: Feb. 11, 2020, 6:35 p.m.
  • Length: 11:00
Show
View Real Time Build Order
Export as new Build Order

Ratl Protoss - Winner!

Build Orders:  

Get SALT Encoding   

  12  0:03  Probe  
  12  0:15  Probe  
  12  0:19  Pylon  
  12  0:27  Probe  
  12  0:39  Probe (Chrono Boost), Gateway  
  12  0:50  Assimilator  
  12  0:51  Probe (Chrono Boost)  
  12  0:58  Probe (Chrono Boost)  
  12  1:06  Probe  
  12  1:18  Probe  
  12  1:23  Assimilator  
  12  1:27  Gateway  
  12  1:30  Probe  
  12  1:35  Cybernetics Core  
  12  1:42  Probe  
  12  1:54  Probe  
  12  2:12  Pylon  
  12  2:18  Pylon  
  12  2:30  Probe, Nexus  
  12  2:38  Stalker  
  12  2:39  Warp Gate  
  12  2:42  Probe (Chrono Boost)  
  12  2:45  Stalker  
  12  2:54  Probe (Chrono Boost)  
  12  3:02  Probe (Chrono Boost)  
  12  3:04  Pylon  
  12  3:11  Probe (Chrono Boost), Stalker  
  12  3:19  Probe (Chrono Boost), Stalker  
  12  3:25  Probe  
  12  3:37  Probe  
  12  3:42  Probe  
  12  3:45  Stalker  
  12  3:49  Probe  
  12  3:54  Probe (Chrono Boost)  
  12  3:55  Stalker  
  12  4:01  Pylon  
  12  4:02  Probe (Chrono Boost)  
  12  4:06  Probe (Chrono Boost)  
  12  4:12  Probe (Chrono Boost)  
  12  4:13  Probe (Chrono Boost)  
  12  4:16  Probe (Chrono Boost)  
  12  4:20  Probe  
  12  4:25  Nexus  
  12  4:30  Probe, Pylon  
  12  4:32  Probe  
  12  4:34  Assimilator  
  12  4:42  Probe  
  12  4:44  Probe  
  12  4:50  Assimilator  
  12  4:54  Probe  
  12  4:56  Probe, Pylon  
  12  4:59  Pylon  
  12  5:07  Probe  
  12  5:08  Probe  
  12  5:11  Stalker x2  
  12  5:18  Robotics Facility  
  12  5:19  Probe  
  12  5:21  Probe  
  12  5:23  Twilight Council  
  12  5:27  Gateway  
  12  5:28  Gateway  
  12  5:31  Probe, Gateway  
  12  5:33  Probe  
  12  5:37  Probe  
  12  5:44  Probe (Chrono Boost)  
  12  5:47  Probe (Chrono Boost)  
  12  5:49  Probe (Chrono Boost)  
  12  6:00  Probe (Chrono Boost)  
  12  6:01  Probe (Chrono Boost)  
  12  6:02  Probe (Chrono Boost)  
  12  6:06  Probe (Chrono Boost)  
  12  6:07  Probe (Chrono Boost)  
  12  6:09  Probe, Nexus  
  12  6:10  Pylon  
  12  6:15  Assimilator  
  12  6:17  Probe, Assimilator  
  12  6:19  Probe  
  12  6:21  Probe, Stalker x2  
  12  6:24  Stalker  
  12  6:25  Stalker x2  
  12  6:29  Probe  
  12  6:30  Observer  
  12  6:31  Probe  
  12  6:33  Probe  
  12  6:41  Probe  
  12  6:43  Probe  
  12  6:45  Probe  
  12  6:51  Templar Archives  
  12  6:53  Probe  
  12  6:55  Probe  
  12  6:59  Forge  
  12  7:01  Probe, Forge  
  12  7:02  Forge  
  12  7:05  Probe  
  12  7:06  Immortal (Chrono Boost)  
  12  7:08  Probe  
  12  7:13  Probe  
  12  7:17  Probe  
  12  7:20  Robotics Facility  
  12  7:22  Robotics Facility  
  12  7:27  Gateway  
  12  7:28  Gateway  
  12  7:29  Gateway  
  12  7:30  Gateway  
  12  7:31  Probe x4  
  12  7:33  Gateway  
  12  7:39  Gateway  
  12  7:40  Assimilator x2  
  12  7:41  Gateway  
  12  7:43  Probe x3  
  12  7:45  Photon Cannon x2  
  12  7:48  Pylon  
  12  8:09  Stalker x3  
  12  8:10  Stalker x2  
  12  8:12  Immortal  
  12  8:13  Protoss Ground Weapons Level 1 (Chrono Boost), Protoss Ground Armor Level 1 (Chrono Boost), Protoss Shields Level 1 (Chrono Boost)  
  12  8:14  Immortal  
  12  8:24  Immortal  
  12  8:46  Photon Cannon, Nexus  
  12  8:47  Pylon  
  12  8:49  Pylon, Photon Cannon  
  12  8:51  Photon Cannon  
  12  8:53  Photon Cannon  
  12  8:56  Photon Cannon  
  12  8:57  Photon Cannon  
  12  9:05  Stalker x3  
  12  9:06  Stalker  
  12  9:08  Immortal x2  
  12  9:18  Pylon  
  12  9:20  Pylon  
  12  9:21  Pylon  
  12  9:22  Pylon  
  12  9:24  Pylon  
  12  9:25  Pylon  
  12  9:36  Immortal  
  12  9:57  Photon Cannon  
  12  10:18  Immortal x2 (Chrono Boost)  
  12  10:19  Immortal (Chrono Boost)  
  12  10:22  High Templar x3  
  12  10:23  High Templar x5  
  12  10:24  High Templar x4  
  12  10:26  Archon  
  12  10:27  Archon x2  
  12  10:28  Archon x3  
  12  10:45  Gateway  
  12  10:47  Gateway  
  12  10:49  Gateway x2  
  12  10:51  Gateway  
  12  10:52  Gateway  
Tags
 
Add a new tag
Caveats
  • Supply blocks, unpowered buildings, or Contaminate may cause inaccurate times.
  • Supply counts are checked every 10 seconds.